 Dungeon Crawl Stone Soup version 0.27.1 (webtiles) character file.

Game seed: 2797651970670727940

865 ZARRMARR the Changer (level 8, -6/48 HPs)
             Began as an Octopode Transmuter on Sept 5, 2021.
             Mangled by a troll (8 damage)
             ... on level 7 of the Dungeon.
             The game lasted 00:30:11 (7900 turns).

ZARRMARR the Changer (Octopode Transmuter)          Turns: 7900, Time: 00:30:12

Health: -6/48      AC:  1    Str: 12    XL:     8   Next: 3%
Magic:  14/15      EV: 13    Int: 17    God:
Gold:   398        SH:  0    Dex: 12    Spells: 16/17 levels left

rFire    + + .     SeeInvis +     - Unarmed
rCold    . . .     Faith    .   (no shield)
rNeg     + . .     Spirit   .   (helmet currently unavailable)
rPois    .         Reflect  .   d - amulet of the acrobat
rElec    .         Harm     .   n - ring of see invisible
rCorr    .         Rampage  .   a - ring of Moli {*Corrode Fly rF++ rN+ Str+2}
Will     .....                  (no ring)
Stlth    ++........             (no ring)
HPRegen  0.16/turn              (no ring)
MPRegen  0.14/turn              (no ring)
                                (no ring)
                                (no ring)

@: appendages, flying
A: tentacle spike 3, almost no armour, amphibious, 8 rings, camouflage 1,
gelatinous body 1, (nimble swimmer 1), tentacles
a: End Transformation


You were on level 7 of the Dungeon.
One of your tentacles had grown a beastly spike.
You visited 1 branch of the dungeon, and saw 6 of its levels.

You collected 398 gold pieces.

Inventory:

Missiles
 h - 27 poisoned darts (quivered)
 i - 2 throwing nets
Jewellery
 a - the ring of Moli (right tentacle) {*Corrode Fly rF++ rN+ Str+2}
   (You acquired it on level 5 of the Dungeon)

   [ring of positive energy]

   Str:       It affects your strength (+2).
   rF:        It greatly protects you from fire.
   rN:        It protects you from negative energy.
   Fly:       It grants you flight.
   *Corrode:  It may corrode you when you take damage.
 d - an amulet of the acrobat (around mantle)
 n - a ring of see invisible (left tentacle)
Scrolls
 e - 2 scrolls of teleportation
 f - a scroll of holy word
 k - a scroll of fear
 l - a scroll of vulnerability {unknown}
 m - a scroll of enchant armour {unknown}
Potions
 b - 2 potions of attraction {unknown}
 c - 2 potions of curing {unknown}
 g - a potion of resistance {unknown}
 j - a potion of lignification {unknown}


   Skills:
 - Level 1.0 Fighting
 - Level 2.0 Dodging
 - Level 3.0 Unarmed Combat
 + Level 5.0 Spellcasting
 + Level 5.3 Transmutations
 + Level 4.8 Ice Magic


You had 16 spell levels left.
You knew the following spells:

 Your Spells              Type           Power      Damage    Failure   Level
a - Beastly Appendage     Tmut           44%        N/A       1%          1

Your spell library contained the following spells:

 Spells                   Type           Power      Damage    Failure   Level
 Wereblood                Tmut           22%        N/A       2%          2
 Spider Form              Tmut/Pois      6%         N/A       14%         3
 Ice Form                 Ice/Tmut       21%        N/A       17%         4
 Summon Forest            Summ/Tloc      2%         N/A       98%         5
 Summon Mana Viper        Hex/Summ       4%         N/A       98%         5
 Shadow Creatures         Summ           N/A        N/A       100%        6


Dungeon Overview and Level Annotations

Branches:
Dungeon (5/15)
 Temple: D:4-7

Altars:

Shops:
D:2 (


Innate Abilities, Weirdness & Mutations

One of your tentacles has grown a beastly spike.
You cannot wear most types of armour.
You are amphibious.
You can wear up to eight rings at the same time.
Your skin changes colour to match your surroundings (Stealth+).
Your rubbery body absorbs attacks. (AC +1, EV +1)
((You are camouflaged near water. (Stealth+)))
You have tentacles for arms and can constrict up to eight enemies at once.


Message History

Found a scroll of identify and 13 stones.
You now have 398 gold pieces (gained 12).
Found a stone staircase leading down.
m - a scroll labelled DUAWKUMIASSUA
n - a scroll of identify
As you read the scroll of identify, it crumbles to dust.
a - 2 scrolls of acquirement Unknown command.
Unknown command.
Something appears before you!
n - a ring of see invisible
n - a ring of see invisible (left tentacle)
Something appears before you!
a - the ring of Moli {*Corrode Fly rF++ rN+ Str+2} You feel stronger.
You fly up into the air.
a - the ring of Moli (right tentacle) {*Corrode Fly rF++ rN+ Str+2} Unknown command.
There is a stone staircase leading down here.
You are sucked into a shaft and drop 2 floors!
The shaft crumbles and collapses.
A troll comes into view.
Found 11 gold pieces.
Found an escape hatch in the floor.
Found a stone staircase leading up.
Casting: Beastly Appendage (safe; 1% risk of failure)
Confirm with . or Enter, or press ? or * to list all spells.
One of your tentacles grows a vicious spike.
The helpless troll fails to defend itself.
You tentacle-slap the troll but do no damage.
The troll closely misses you. The troll misses you. The troll claws you!
You closely miss the troll. The troll closely misses you. The troll claws you!
The troll misses you.
You barely miss the troll.
Your tentacle spike misses the troll.
The troll bites you! The troll claws you!
* * * LOW HITPOINT WARNING * * *
The troll closely misses you.
As you read the scroll of fear, it crumbles to dust.
You assume a fearsome visage.
The troll easily resists.
The troll closely misses you. The troll claws you!
You die...

#........ #####
#........
#....##........
.............
#.#..#......
#........>#
<.........#.#
#...@T.$#
#.#..###..# #
#.... ##.##..
... ... ..## ..
..# . #..#


You could see a troll.

Vanquished Creatures
  A water moccasin (D:3)
  A necrophage (D:4)
  An ogre (D:3)
  A howler monkey (D:3)
  3 hounds
  A gnoll shaman (D:3)
  A hound zombie (D:5)
  16 gnolls (D:3)
  10 adders
  An adder skeleton (D:4)
  2 worms
  2 dart slugs
  28 orcs
  A ball python (D:3)
  4 bats
  6 endoplasms
  9 giant cockroaches
  6 goblins
  6 hobgoblins
  13 jackals (D:3)
  13 quokkas
  4 frilled lizards
  3 kobolds
  3 rats
136 creatures vanquished.

Vanquished Creatures (others)
  A fungus (D:3)
  2 plants (D:3)
3 creatures vanquished.

Grand Total: 139 creatures vanquished

Notes
Turn   | Place    | Note
-------+----------+-------------------------------------------
     0 | D:1      | ZARRMARR the Octopode Transmuter began the quest for the
                  | Orb.
     0 | D:1      | Reached XP level 1. HP: 13/13 MP: 3/3
   251 | D:1      | Found a faded altar of an unknown god.
   282 | D:1      | Reached XP level 2. HP: 18/18 MP: 1/5
   421 | D:1      | Reached skill level 1 in Ice Magic
  1214 | D:2      | Reached XP level 3. HP: 20/23 MP: 4/6
  1422 | D:2      | Found Vosixky's Antique Weapon Boutique.
  1651 | D:2      | Reached XP level 4. HP: 12/28 MP: 8/8
  2738 | D:3      | Reached XP level 5. HP: 21/33 MP: 7/9
  3347 | D:3      | Noticed an ogre
  3399 | D:3      | Killed an ogre
  3400 | D:3      | Reached XP level 6. HP: 15/38 MP: 11/11
  4373 | D:3      | Noticed a water moccasin
  4391 | D:3      | Killed a water moccasin
  4392 | D:3      | Reached XP level 7. HP: 20/43 MP: 13/13
  6792 | D:4      | Reached skill level 5 in Transmutations
  7805 | D:5      | Entered Level 5 of the Dungeon
  7808 | D:5      | Reached XP level 8. HP: 47/48 MP: 13/15
  7814 | D:5      | Reached skill level 5 in Spellcasting
  7882 | D:5      | Identified 2 scrolls of acquirement
  7883 | D:5      | Acquired a ring of see invisible
  7886 | D:5      | Acquired the ring of Moli {*Corrode Fly rF++ rN+ Str+2}
  7894 | D:5      | You are sucked into a shaft and drop 2 floors!
  7894 | D:7      | Noticed a troll
  7899 | D:7      | HP: 2/48 [troll (13)]
  7900 | D:7      | Mangled by a troll

Illustrated notes

Levels and vault maps discovered:
D:1:      dpeg_arrival_radiant, layout_basic, dreamdust_ecumenical_altar_statues
D:2:      layout_basic, serial_shops, nicolae_shop_overgrown_old_shop
D:3:      lemuel_castle_with_subvaults [lemuel_castle_interior_original],
          layout_loops_corners, minivault_19
D:4:      layout_cave_pods, gup_sewer_entry_spiral
D:5:      minmay_spotlight, layout_basic, tso_altar,
          mainiacjoe_overflow_surrounded_room,
          mainiacjoe_overflow_concentric_impassable,
          minmay_temple_entry_stoned_glass, st_stairs_13, uniq_grinder
D:7:      layout_basic, gammafunk_temple_overflow_wave, uniq_prince_ribbit1

Skill      XL: |  1  2  3  4  5  6  7  8 |
---------------+-------------------------+-----
Ice Magic      | 1 2 3 4 |  4.8
Transmutations | 3 4 5 |  5.3
Spellcasting   | 3 4 5 |  5.0
Fighting       | |  1.0
Dodging        | |  2.0
Unarmed Combat | |  3.0

Action                   |  1- 3 |  4- 6 |  7- 9 || total
-------------------------+-------+-------+-------++-------
Melee: Unarmed           |    71 |   155 |   115 ||   341
       Constrict         |    24 |    46 |    38 ||   108
       Kick              |    21 |    42 |    37 ||   100
       Tentacles         |    14 |    40 |    23 ||    77
       Punch             |     3 |     5 |     1 ||     9
Throw: Dart              |       |    35 |     7 ||    42
       Throwing net      |       |       |     1 ||     1
 Cast: Beastly Appendage |    22 |    34 |    28 ||    84
  Use: Scroll            |       |     2 |     6 ||     8
       Potion            |       |     1 |     2 ||     3
 Stab: Sleeping          |     9 |     5 |     5 ||    19
Armor: Skin              |     9 |     3 |     1 ||    13
Dodge: Dodged            |    39 |    67 |    72 ||   178
